 Dungeon Crawl Stone Soup version 0.10-a0-1720-g5de2656 character file.

308 FIRECRAB the Cudgeler (level 5, 0/54 HPs)
             Began as an Ogre Fighter on Nov 5, 2011.
             Slain by a wight
             ... wielding a +1,+1 morningstar
              (6 damage)
             ... while paralysed by a potion of paralysis
             ... on Level 4 of the Dungeon.
             The game lasted 00:04:44 (2057 turns).

FIRECRAB the Cudgeler (Ogre Fighter)                Turns: 2057, Time: 00:04:44

HP   0/54        AC  6     Str 21      XL: 5   Next:  5%
MP   4/4         EV  1     Int  8      God:
Gold 196         SH  0     Dex  9      Spells:  0 memorised,  4 levels left

Res.Fire  : . . .   See Invis. : .   a - +0 flail (drain)
Res.Cold  : . . .   Warding    : . . b - +0 robe
Life Prot.: . . .   Conserve   : +   (shield restricted)
Res.Acid. : . . .   Res.Corr.  : .   (helmet restricted)
Res.Poison: .       Clarity    : .   C - +2 cloak
Res.Elec. : .       Spirit.Shd : .   (gloves unavailable)
Sust.Abil.: . .     Stasis     : .   (boots unavailable)
Res.Mut.  : .       Ctrl.Telep.: .   u - amulet of conservation
Res.Rott. : .       Levitation : .   (no ring)
Saprovore : + . .   Ctrl.Flight: .   (no ring)

@: paralysed, slightly resistant to hostile enchantments, very unstealthy
A: unfitting armour, fast metabolism 1, saprovore 1, tough skin 1
a: no special abilities


You were on level 4 of the Dungeon.
You were not hungry.

You visited 1 branch of the dungeon, and saw 4 of its levels.

You collected 176 gold pieces.

Inventory:

Hand weapons
 a - a +0,+0 flail of draining (weapon)
 j - a +0,+0 mace
 k - a +2,+3 dwarven dagger
 p - a +0,+1 dwarven dagger
 r - a -1,+0 orcish dagger (quivered)
 x - a +2,+1 elven whip
Missiles
 e - 22 poisoned +0 needles
Armour
 b - a +0 robe (worn)
 c - a +0 shield
 v - a +0 orcish robe
 C - a +2 cloak (worn)
Comestibles
 d - 3 meat rations
 f - a rotting chunk of rat flesh
 g - a bread ration
 w - a chunk of hobgoblin flesh
 z - a rotting chunk of orc flesh
Scrolls
 h - 2 scrolls of teleportation {unknown}
 l - 5 scrolls of blinking
 m - 2 scrolls of enchant weapon I {unknown}
 y - a scroll of fear {unknown}
 A - a scroll of amnesia {unknown}
 B - a scroll of recharging {unknown}
 D - a scroll of detect curse {unknown}
Jewellery
 t - an uncursed ring of levitation
 u - an amulet of conservation (around neck)
Potions
 q - a potion of heal wounds {unknown}
 s - a potion of brilliance {unknown}


   Skills:
 - Level 4 Fighting
 + Level 6 Maces & Flails
 + Level 3 Dodging
 - Level 2 Shields


You had 4 spell levels left.
You didn't know any spells.

Dungeon Overview and Level Annotations

Branches:
Dungeon (4/27)
 Temple: D:4-7

Altars:
Ashenzari
Elyvilon

Annotations
D:3 Grinder


Innate Abilities, Weirdness & Mutations

You are too large for most types of armour.
You have a fast metabolism.
You can tolerate rotten meat.
You have tough skin (AC +1).


Message History

The wight is heavily damaged.
The wight hits you with a morningstar.
* * * LOW HITPOINT WARNING * * *
Drink which item? (? for menu, Esc to quit)
Magic courses through your body.
It was a potion of magic.
* * * LOW HITPOINT WARNING * * *
You feel sick.
Drink which item? (? for menu, Esc to quit)
You feel better.
It was a potion of curing.
The wight barely misses you.
Drink which item? (? for menu, Esc to quit)
You suddenly lose the ability to move!
It was a potion of paralysis.
The wight hits you with a morningstar!
* * * LOW HITPOINT WARNING * * *
The wight hits you with a morningstar.
* * * LOW HITPOINT WARNING * * *
Helpless, you fail to dodge the wight's attack.
The wight hits you with a morningstar.
* * * LOW HITPOINT WARNING * * *
The wight hits you with a morningstar.
You die...

.....### ........ .....s...
......... .....(...
#.....!.. #........#
#######.#+####$#
#.........zO...+
#.############.#
#.............
#####..######## #..#......#
# #..#......### #
####..#.[......# #
#.....#........############
###
#.##..#...................#


You could see a wight.

Vanquished Creatures
  A hound (D:3)
  A scorpion (D:4)
  2 snakes
  6 orcs
  4 giant cockroaches
  5 goblins
  5 hobgoblins
  3 jackals (D:2)
  7 kobolds
  7 bats
  3 giant newts
  A hobgoblin zombie (D:4)
  3 kobold zombies (D:4)
  A quokka skeleton (D:4)
  6 rats
  A rat skeleton (D:4)
56 creatures vanquished.

Vanquished Creatures (others)
  A hobgoblin (D:2)
  2 toadstools
3 creatures vanquished.

Grand Total: 59 creatures vanquished

Notes
Turn   | Place    | Note
--------------------------------------------------------------
     0 | D:1      | FIRECRAB, the Ogre Fighter, began the quest for the Orb.
     0 | D:1      | Reached XP level 1. HP: 23/23 MP: 0/0
    99 | D:1      | Reached XP level 2. HP: 19/32 MP: 1/1
   726 | D:2      | Reached XP level 3. HP: 36/39 MP: 2/2
   795 | D:2      | Found a shattered altar of Ashenzari.
   821 | D:2      | Reached skill level 5 in Maces & Flails
   939 | D:2      | Found a white marble altar of Elyvilon.
  1556 | D:3      | Noticed Grinder
  1566 | D:3      | Paralysed by Grinder for 7 turns
  1576 | D:3      | Paralysed by Grinder for 6 turns
  1767 | D:3      | Reached XP level 4. HP: 41/48 MP: 3/3
  1789 | D:3      | Reached skill level 6 in Maces & Flails
  2045 | D:4      | Reached XP level 5. HP: 39/54 MP: 4/4
  2054 | D:4      | Paralysed by a potion of paralysis for 5 turns
  2057 | D:4      | Slain by a wight
